Map: Ley Lines

Players

ManlyManMeat

  • Race: Zerg Zerg
  • League: Diamond
  • Spawn Location: 1:00

nimrod - Winner!

  • Race: Terran Terran
  • League: Diamond
  • Spawn Location: 7:00

VOD

Have the link to the VOD?

Description

Time

  • Played on: July 1, 2025, 9:03 a.m.
  • Length: 21:56
Show
View Real Time Build Order
Export as new Build Order

ManlyManMeat Zerg 

Build Orders: Hatch First 

Get SALT Encoding   

  12  0:00  Drone  
  13  0:08  Drone  
  14  0:16  Drone, Extractor  
  15  0:22  Overlord  
  15  0:41  Drone  
  16  0:46  Hatchery  
  16  0:49  Drone  
  16  0:56  Drone  
  17  0:59  Drone  
  18  1:10  Extractor  
  17  1:13  Spawning Pool  
  17  1:15  Drone  
  17  1:20  Drone  
  18  1:26  Drone  
  19  1:36  Drone  
  20  1:59  Queen x2  
  25  2:01  Zergling x4  
  25  2:03  Overlord  
  26  2:09  Drone x2  
  28  2:16  Metabolic Boost  
  28  2:22  Drone x2  
  30  2:54  Drone x3  
  33  3:01  Overlord x2  
  33  3:07  Hatchery  
  33  3:09  Drone x2  
  33  3:10  Drone x2  
  36  3:25  Drone x3  
  36  3:26  Drone x4  
  43  3:29  Queen  
  44  3:45  Drone x2  
  44  3:48  Queen  
  46  3:51  Overlord  
  46  3:52  Overlord x2  
  48  4:04  Roach Warren  
  48  4:07  Extractor  
  48  4:08  Baneling Nest  
  45  4:16  Zergling x8  
  45  4:17  Zergling x2  
  50  4:24  Drone x2  
  50  4:25  Drone x3  
  50  4:26  Evolution Chamber  
  50  4:30  Drone x3  
  57  4:31  Queen  
  59  4:47  Drone x6  
  59  4:50  Extractor  
  59  4:51  Extractor, Zerg Missile Weapons Level 1  
  63  4:53  Lair  
  63  4:55  Drone x2  
  63  4:56  Drone  
  66  5:07  Spore Crawler  
  66  5:08  Queen, Spore Crawler  
  66  5:10  Spore Crawler  
  65  5:25  Overlord x3  
  65  5:33  Evolution Chamber, Queen  
  66  5:44  Roach x2  
  66  5:45  Roach x2  
  66  5:47  Drone x5  
  66  5:49  Drone x3  
  82  5:50  Drone  
  82  5:51  Drone x2  
  85  5:57  Overlord x3  
  85  6:10  Zergling x4  
  85  6:11  Zergling x4  
  89  6:22  Roach x10  
  108  6:41  Zergling x6  
  108  6:43  Glial Reconstitution, Centrifugal Hooks  
  111  6:47  Zerg Ground Armor Level 1  
  111  6:51  Hatchery  
  110  6:56  Hatchery  
  110  7:01  Zerg Missile Weapons Level 2  
  109  7:11  Baneling x4  
  109  7:14  Zergling x10  
  114  7:18  Overlord x4  
  98  7:46  Baneling x7  
  98  7:47  Zergling x2, Baneling x3  
  98  7:48  Zergling x26  
  110  7:59  Zergling x12  
  110  8:04  Infestation Pit  
  115  8:08  Hatchery  
  115  8:09  Hatchery  
  108  8:32  Zergling x6  
  108  8:33  Zergling x36  
  128  8:38  Spore Crawler x2  
  128  8:40  Spore Crawler  
  105  8:41  Zerg Melee Weapons Level 1  
  105  8:43  Spore Crawler x2  
  75  8:58  Zergling x2  
  75  8:59  Zergling x18  
  78  9:03  Drone  
  78  9:05  Drone x3  
  53  9:43  Queen  
  50  9:50  Spire  
  47  10:00  Spore Crawler  
  47  10:01  Spore Crawler  
  47  10:03  Spore Crawler  
  45  10:08  Spore Crawler x2  
  41  10:31  Extractor  
  41  10:32  Extractor  
  39  10:47  Spore Crawler  
  37  11:06  Corruptor x9  
  54  11:16  Spore Crawler  
  50  11:29  Spore Crawler  
  50  11:31  Spore Crawler x2  
  50  11:32  Spore Crawler  
  46  11:39  Zergling x12  
  57  11:40  Zergling x10  
  52  12:28  Corruptor x3  
  49  12:41  Hive  
  48  12:46  Hatchery  
  41  13:24  Drone x2  
  41  13:25  Drone  
  44  13:28  Corruptor x2  
  48  13:43  Zerg Flyer Weapons Level 1  
  48  13:46  Zergling x2  
  48  13:47  Zergling x4  
  51  14:02  Corruptor  
  51  14:41  Hatchery  
  50  14:49  Corruptor x2  
  54  14:58  Drone  
  55  15:01  Queen  
  57  15:24  Zergling x6  
  59  15:31  Baneling x4  
  59  15:42  Zergling x2  
  58  16:00  Drone x3  
  61  16:06  Drone  
  62  16:22  Drone x2  
  62  16:23  Ultralisk Cavern  
  63  16:36  Zergling x18  
  63  16:37  Zergling x6  
  53  17:12  Roach  
  53  17:14  Zergling x22  
  45  17:53  Spire  
  45  17:56  Queen  
  45  17:57  Hatchery  
  39  18:06  Zergling x8  
  39  18:07  Hatchery  
  38  18:24  Drone x2  
  39  18:37  Queen  
  40  18:56  Spawning Pool  
  37  20:29  Extractor  
  37  20:30  Hatchery  
  37  20:33  Hatchery  
  34  21:00  Hatchery  
  23  21:06  Hatchery  
  13  21:41  Drone  
Show
View Real Time Build Order
Export as new Build Order

nimrod Terran - Winner!

Build Orders:  

Get SALT Encoding   

  12  0:00  SCV  
  13  0:12  SCV  
  14  0:17  Supply Depot  
  14  0:24  SCV  
  15  0:31  Refinery  
  15  0:38  SCV  
  16  0:44  Barracks  
  16  0:50  SCV  
  17  1:03  SCV  
  18  1:15  SCV  
  19  1:27  SCV  
  20  1:34  Reaper  
  20  1:37  Command Center  
  21  1:46  Barracks  
  21  1:49  SCV  
  22  1:59  Refinery  
  22  2:01  SCV  
  22  2:07  Supply Depot  
  23  2:19  Barracks Tech Lab  
  23  2:24  Factory  
  23  2:28  SCV  
  24  2:34  Refinery  
  24  2:35  Marine  
  25  2:48  Orbital Command  
  25  2:52  Marine  
  25  2:57  SCV  
  26  3:05  Engineering Bay  
  26  3:11  Hellion  
  28  3:14  SCV  
  28  3:19  SCV  
  30  3:22  Marine  
  31  3:34  Marine  
  30  3:36  SCV  
  30  3:40  Marine  
  31  3:49  Factory Tech Lab  
  31  3:53  SCV  
  32  3:56  SCV  
  33  4:05  SCV  
  33  4:08  Bunker  
  33  4:09  SCV  
  35  4:11  Siege Tank  
  35  4:15  Missile Turret  
  38  4:18  Marine x2  
  38  4:20  SCV  
  38  4:21  SCV  
  42  4:33  SCV x2  
  44  4:39  Starport  
  44  4:45  SCV  
  45  4:46  SCV  
  46  4:52  Supply Depot  
  46  4:53  Barracks Reactor  
  46  5:04  Refinery, Planetary Fortress  
  46  5:10  Starport  
  46  5:14  Widow Mine  
  46  5:21  SCV  
  49  5:22  Fusion Core  
  49  5:28  Marine  
  50  5:35  Starport Tech Lab, Starport  
  50  5:43  SCV x2  
  50  5:46  Marine  
  50  5:49  Supply Depot  
  53  5:54  Starport Tech Lab  
  53  5:59  Supply Depot  
  53  6:04  SCV  
  54  6:10  SCV  
  54  6:11  Widow Mine  
  57  6:15  Starport Tech Lab  
  57  6:20  Weapon Refit  
  57  6:24  Marine x2  
  59  6:30  Battlecruiser  
  65  6:35  Battlecruiser  
  65  6:36  SCV x2  
  73  6:51  Battlecruiser  
  79  6:55  Supply Depot  
  79  6:56  SCV  
  79  6:59  Cyclone  
  80  7:16  Marauder, Marine  
  83  7:35  Command Center  
  75  7:50  Siege Tank  
  75  7:51  Battlecruiser x2  
  90  8:06  Marine x3  
  93  8:16  Barracks  
  75  8:55  SCV  
  75  9:02  Battlecruiser x2  
  84  9:07  SCV  
  77  9:32  Barracks  
  72  9:39  Supply Depot x2  
  72  9:41  Hellion, Marine x2  
  75  10:01  SCV  
  75  10:13  SCV  
  76  10:19  Planetary Fortress  
  76  10:25  SCV  
  76  10:27  Marine x2  
  79  10:28  Starport Tech Lab  
  79  10:29  Starport Tech Lab, Battlecruiser  
  79  10:30  Refinery  
  79  10:31  Hellion  
  79  10:32  Barracks Reactor  
  79  10:35  Refinery, Marine  
  87  10:37  SCV  
  89  10:44  Factory  
  89  10:45  Marine x2  
  89  10:49  SCV  
  92  11:01  SCV  
  93  11:14  SCV  
  94  11:26  SCV  
  94  11:31  SCV  
  96  11:38  SCV  
  97  11:42  Marine  
  97  11:43  SCV  
  99  11:51  Battlecruiser  
  99  11:52  Battlecruiser  
  105  11:55  SCV  
  105  11:57  SCV  
  101  12:07  SCV  
  102  12:09  SCV  
  103  12:19  SCV  
  103  12:21  SCV  
  105  12:27  Marine x2  
  105  12:28  Marine x2  
  103  12:31  SCV  
  92  12:45  SCV  
  92  12:50  SCV  
  94  12:52  Missile Turret  
  94  12:53  Missile Turret  
  94  12:57  SCV  
  94  12:58  Missile Turret x2  
  95  13:02  SCV  
  96  13:14  SCV  
  97  13:23  Battlecruiser x2  
  109  13:29  Supply Depot  
  109  13:32  Supply Depot  
  109  13:51  Advanced Ballistics, Hellion, Marine x4  
  109  13:54  Battlecruiser  
  121  14:00  Armory  
  121  14:01  Factory Tech Lab  
  121  14:02  Armory  
  111  14:32  Barracks  
  111  14:40  Barracks Tech Lab  
  111  14:50  Battlecruiser x2  
  123  15:01  Supply Depot, Terran Infantry Armor Level 1  
  123  15:02  Supply Depot x2  
  123  15:03  Stimpack  
  123  15:06  Terran Ship Weapons Level 1  
  123  15:23  Thor  
  129  15:39  Thor  
  134  15:48  Terran Vehicle And Ship Armor Level 1  
  123  16:12  Refinery, Command Center  
  123  16:14  Refinery  
  123  16:22  Viking x3, Marine x2  
  123  16:23  Marine x3  
  110  17:18  Marine x6, Battlecruiser x2  
  110  17:19  Thor  
  110  17:20  Thor  
  129  17:36  Marine  
  115  18:29  Battlecruiser x3  
  115  18:30  Thor x2  
  133  18:55  Planetary Fortress  
  134  19:31  SCV  
  134  19:33  SCV  
  134  19:37  SCV  
  136  19:43  SCV  
  137  19:45  SCV  
  137  19:49  SCV  
  139  19:55  SCV  
  139  19:58  SCV  
  141  20:01  SCV  
  142  20:07  SCV  
  142  20:10  SCV  
  142  20:13  SCV  
  145  20:22  SCV  
  145  20:25  SCV  
  153  20:35  Battlecruiser  
  153  20:36  Marine x5, Battlecruiser  
  153  20:41  Supply Depot  
  164  20:52  Marine  
Tags
 
Matchup
TvZ
Replay Pack
Myownreplay2
Spawn Locations
Cross Positions
Add a new tag
Caveats
  • Supply blocks, unpowered buildings, or Contaminate may cause inaccurate times.
  • Supply counts are checked every 10 seconds.